 Dungeon Crawl Stone Soup version 0.29-a0-923-g6e406bff71 (webtiles) character file.

Game seed: 14242144119590847092

43 Aviak the Magician (level 3, -2/27 HPs)
             Began as a Djinni Fire Elementalist on July 27, 2022.
             Slain by a goblin
             ... wielding a +1 dagger of speed
             ... led by Robin
              (5 damage)
             ... on level 2 of the Dungeon.
             The game lasted 00:02:55 (1666 turns).

Aviak the Magician (Djinni Fire Elementalist)       Turns: 1666, Time: 00:02:56

Health: -2/27      AC:  3    Str:  6 (7)  XL:     3   Next: 82%
Gold:   42         EV: 12    Int: 17 (18) God:
                   SH:  0    Dex: 10 (13)

rFire   + + .      SeeInvis .   f - +2 short sword (vamp) {!w}
rCold   x . .      Faith    .   (no shield)
rNeg    . . .      Spirit   .   a - +1 robe
rPois   ∞          Reflect  .   (no helmet)
rElec   .          Harm     .   (no cloak)
rCorr   .          Rampage  .   (no gloves)
Will    .....                   (boots unavailable)
Stlth   +.........              (no amulet)
HPRegen 0.09/turn               (no ring)
MPRegen 0.00/turn               (no ring)

@: silenced, flying
A: sickness immunity, fire resistance 2, cold vulnerability 1, float, innate
caster, HP casting, extra vitality 1
a: no special abilities


You were on level 2 of the Dungeon.
You visited 1 branch of the dungeon, and saw 2 of its levels.

You collected 42 gold pieces.

Inventory:

Hand Weapons
 b - a +0 dagger
 f - a +2 vampiric short sword (weapon) {!w}
Armour
 a - a +1 robe (worn)
Jewellery
 d - a ring of willpower
Scrolls
 g - a scroll of teleportation {unknown}


   Skills:
 + Level 1.5 Fighting
 - Level 2.1 Dodging
 - Level 1.5 Stealth
 * Level 3.2 Spellcasting


You couldn't memorise any spells.
You knew the following spells:

 Your Spells              Type           Power      Damage    Failure   Level
a - Foxfire               Conj/Fire      52%        2x1d6     4%          1
b - Scorch                Fire           26%        2d6       7%          2
c - Conjure Flame         Conj/Fire      13%        6-21      14%         3
d - Inner Flame           Hex/Fire       13%        N/A       14%         3
e - Flame Wave            Conj/Fire      13%        2d6       41%         4
f - Beastly Appendage     Tmut           26%        N/A       4%          1
Your spell library was empty.

Dungeon Overview and Level Annotations

Branches:
Dungeon (2/15) Zot: 10330

Altars:

Annotations:
D:2 Robin


Innate Abilities, Weirdness & Mutations

You are immune to sickness and miasma.
You are immune to poison.
Your flesh is very heat resistant. (rF++)
You are vulnerable to cold. (rC-)
You float through the air rather than walking.
You learn spells naturally, not from books.
Your magical power is your life essence.
You have superior vitality. (+4 MHP)


Message History

The goblin hits you with a +1 dagger of speed.
Robin throws the goblin at you! The goblin barely misses you.
The goblin closely misses you.
Okay, then.
You aren't carrying any potions.
As you read the scroll labelled ROTEYCS RIRIN, it crumbles to dust.
It is a scroll of enchant armour.
Your +0 robe glows green for a moment.
Robin throws the goblin at you! The goblin hits you with a +0 dagger.
The goblin barely misses you. The goblin closely misses you.
The goblin hits you with a +1 dagger of speed.
As you read the scroll labelled BUESOITUNU, it crumbles to dust.
A profound silence engulfs you.
It was a scroll of silence.
The goblin barely misses you. The goblin misses you.
The goblin barely misses you.
The goblin hits you with a +1 dagger of speed.
* * * LOW HITPOINT WARNING * * *
Unknown command.
Unknown command.
The goblin attacks as you move away! The goblin barely misses you.
The goblin hits you with a +0 club.
* * * LOW HITPOINT WARNING * * *
The goblin hits you but does no damage.
Unknown command.
The hobgoblin hits you but does no damage.
The goblin misses you. The hobgoblin hits you.
* * * LOW HITPOINT WARNING * * *
You see here a fuming sapphire potion.
Unknown command.
Unknown command.
It was a potion of degeneration.
There was something very wrong with that liquid.
You feel weakened.
You feel dopey.
You feel clumsy. The goblin closely misses you. The hobgoblin hits you.
* * * LOW HITPOINT WARNING * * *
The goblin closely misses you. The hobgoblin barely misses you.
Robin roars a battlecry!
The hobgoblin goes into a battle-frenzy!
The goblin hits you with a +1 dagger of speed.
You die...

#...# .. .###...
##...###..
..................
....... .......
...... ...... #...#
#...# .. #...# #)).#
..###...###.g.###.
........g@ggr.......
#.......gggg........
#........gg.........
##..###...###...###..
#...# #...# #.?.# .
#...###...###...#
#.................
#..................
#..................


You could see Robin, 3 hobgoblins, 6 goblins and a rat.

Vanquished Creatures
  A dart slug (D:1)
  A ball python (D:1)
  5 bats (D:1)
  4 endoplasms
  A giant cockroach (D:1)
  4 goblins
  2 hobgoblins (D:1)
  6 quokkas (D:1)
  A frilled lizard (D:2)
  5 kobolds
  5 rats (D:1)
35 creatures vanquished.

Vanquished Creatures (others)
  75 foxfires
75 creatures vanquished.

Grand Total: 110 creatures vanquished

Notes
Turn   | Place    | Note
-------+----------+-------------------------------------------
     0 | D:1      | Aviak the Djinni Fire Elementalist began the quest for the
                  | Orb.
     0 | D:1      | Aviak set off with the following spells memorised: Foxfire,
                  | Scorch, Conjure Flame, Inner Flame, Flame Wave.
     0 | D:1      | Reached XP level 1. HP: 15/15 MP: 0/0
   218 | D:1      | Reached XP level 2. HP: 18/22 MP: 0/0
   444 | D:1      | Reached skill level 1 in Fighting
   649 | D:1      | Reached XP level 3. HP: 11/27 MP: 0/0
   649 | D:1      | Learned a level 1 spell: Beastly Appendage
   882 | D:1      | Reached skill level 3 in Spellcasting
  1654 | D:2      | Noticed Robin
  1666 | D:2      | Slain by a goblin

Illustrated notes

Levels and vault maps discovered:
D:1:      shiori_arrival_oz, layout_loops_ring
D:2:      layout_loops_ring, kennysheep_boxes, uniq_robin

Skill      XL: |  1  2  3 |
---------------+----------+-----
Fighting       | 1 |  1.5
Spellcasting   | 3 |  3.2
Dodging        | |  2.1
Stealth        | |  1.5

Action                   || total
-------------------------++-------
Melee: Dagger            ||    41
       Short sword       ||    23
 Cast: Foxfire           ||    49
  Use: Scroll            ||     2
       Potion            ||     1
Armor: Robe              ||    29
Dodge: Dodged            ||    78

Table legend: (Time is in decaauts)
 A = Elapsed time spent in this place.
 B = Non-inter-level travel time spent in this place.
 C = Inter-level travel time spent in this place.
 D = Time resting spent in this place.
 E = Time spent auto-exploring this place.
 F = Levels seen in this place.
 G = Mean time per level.
                   A        B        C        D        E       F      G
               +--------+--------+--------+--------+--------+-----+--------+
         Total |   1668 |   1667 |      1 |    147 |   1259 |   2 |  834.0 |
       Dungeon |   1668 |   1667 |      1 |    147 |   1259 |   2 |  834.0 |
               +--------+--------+--------+--------+--------+-----+--------+

Top non-repeatable levels by time:
     D:1: 1599 daAuts
     D:2: 68 daAuts
